[ AOE2 MATCH · #495682210 ]
UnrankedTurks vs Persians
Player's team · WIN
Rival team · LOSS
[ REPLAY ANALYSIS · EXTRACTED FROM THE RECORDED GAME ]
Feudal
13:34
Castle
17:40
Imperial
26:07
| APM avg | 24.3 |
| APM peak | 64 |
| eAPM avg | 10.7 |
| Villagers / military | 58 / 57 |
Focus
⚔️ 29.9% · 🌾 70.1%
Janissary ×51 · Bombard Cannon ×4 · Monk ×2
Feudal
10:50
Castle
14:48
Imperial
31:45
| APM avg | 33.5 |
| APM peak | 76 |
| eAPM avg | 19.6 |
| Villagers / military | 144 / 122 |
Focus
⚔️ 18.0% · 🌾 82.0%
Skirmisher ×88 · Knight ×14 · Hand Cannoneer ×14 · Mangonel ×2 · Spearman ×2 · Monk ×1
Match map
Initial resources + every placement click. Lines = walls · curves = elevation contours. ◆ gold · ⬟ stone · ● berries · ✦ relic · ◌ wall gap
Your base· ✓ Closed at 17:40 · 0t walls · 2 gate(s)
Dung_adolf's base· ✓ Closed at 14:48 · 0t walls · 2 gate(s)
Smoothed initial terrain · ◌ = detected wall gap · hover for details
Inputs per minute
— RH450 - - Dung_adolf
Build order — RH450
First 150 of 179 actions detected
| 0:01 | Queue | Villager (Male) |
| 0:01 | Queue | Villager (Male) |
| 0:03 | Build | House |
| 0:05 | Build | House |
| 0:44 | Queue | Villager (Male) |
| 0:45 | Queue | Villager (Male) |
| 1:29 | Queue | Villager (Male) |
| 1:29 | Queue | Villager (Male) |
| 2:01 | Queue | Villager (Male) |
| 2:01 | Queue | Villager (Male) |
| 2:32 | Build | Lumber Camp |
| 2:33 | Queue | Villager (Male) |
| 2:44 | Queue | Villager (Male) |
| 3:10 | Queue | Villager (Male) |
| 3:29 | Build | House |
| 3:50 | Queue | Villager (Male) |
| 3:50 | Queue | Villager (Male) |
| 4:09 | Build | House |
| 4:48 | Queue | Villager (Male) |
| 4:48 | Queue | Villager (Male) |
| 5:10 | Queue | Villager (Male) |
| 5:18 | Build | Mill |
| 5:47 | Queue | Villager (Male) |
| 5:47 | Queue | Villager (Male) |
| 6:29 | Queue | Villager (Male) |
| 6:42 | Build | Mill |
| 6:47 | Queue | Villager (Male) |
| 7:03 | Build | House |
| 7:06 | Build | House |
| 7:09 | Queue | Villager (Male) |
| 7:09 | Queue | Villager (Male) |
| 8:02 | Queue | Villager (Male) |
| 8:32 | Queue | Villager (Male) |
| 9:00 | Queue | Villager (Male) |
| 9:00 | Queue | Villager (Male) |
| 10:09 | Build | Mining Camp |
| 10:15 | Build | Farm |
| 10:15 | Build | Farm |
| 10:15 | Build | Farm |
| 10:16 | Build | Farm |
| 10:16 | Build | Farm |
| 10:20 | Build | Farm |
| 10:32 | Build | Farm |
| 10:34 | Queue | Villager (Male) |
| 10:34 | Queue | Villager (Male) |
| 10:40 | Research | Feudal Age |
| 10:47 | Build | Farm |
| 11:15 | Build | Mining Camp |
| 12:13 | Queue | Villager (Male) |
| 12:13 | Queue | Villager (Male) |
| 12:14 | Queue | Villager (Male) |
| 13:34 | Age | Feudal Age |
| 13:39 | Build | Market |
| 13:42 | Build | Blacksmith |
| 14:49 | Build | House |
| 15:00 | Research | Castle Age |
| 15:07 | Build | House |
| 15:08 | Build | House |
| 15:10 | Build | House |
| 15:11 | Build | House |
| 16:11 | Research | Double-Bit Axe |
| 16:15 | Research | Horse Collar |
| 16:17 | Build | Farm |
| 16:17 | Build | Farm |
| 16:18 | Build | Farm |
| 16:19 | Build | Farm |
| 16:45 | Queue | Villager (Male) |
| 16:45 | Queue | Villager (Male) |
| 16:46 | Queue | Villager (Male) |
| 17:02 | Build | House |
| 17:40 | Age | Castle Age |
| 17:47 | Build | Castle |
| 18:38 | Build | Mining Camp |
| 18:59 | Queue | Janissary ×2 |
| 19:08 | Build | Mining Camp |
| 19:15 | Build | Mining Camp |
| 19:24 | Queue | Janissary |
| 19:38 | Queue | Janissary |
| 19:38 | Queue | Janissary |
| 19:56 | Research | Fletching |
| 20:16 | Queue | Janissary |
| 20:17 | Queue | Janissary |
| 21:14 | Research | Heavy Plow |
| 21:14 | Queue | Villager (Male) |
| 21:15 | Queue | Villager (Male) |
| 21:38 | Queue | Janissary |
| 21:39 | Queue | Janissary |
| 21:47 | Queue | Villager (Male) |
| 21:47 | Queue | Villager (Male) |
| 21:51 | Build | Farm |
| 22:47 | Build | Farm |
| 22:57 | Research | Imperial Age |
| 23:21 | Build | Siege Workshop |
| 23:27 | Research | Gold Mining |
| 23:35 | Build | House |
| 23:36 | Build | House |
| 23:38 | Build | House |
| 23:40 | Build | House |
| 24:01 | Research | Bodkin Arrow |
| 24:32 | Build | Farm |
| 24:34 | Build | Farm |
| 24:40 | Build | Farm |
| 24:55 | Queue | Janissary |
| 24:55 | Queue | Janissary |
| 24:55 | Queue | Janissary |
| 24:56 | Queue | Janissary |
| 25:52 | Queue | Janissary |
| 25:52 | Queue | Janissary |
| 25:52 | Queue | Janissary |
| 26:03 | Build | Monastery |
| 26:07 | Age | Imperial Age |
| 26:15 | Build | University |
| 26:36 | Queue | Bombard Cannon |
| 26:52 | Research | Padded Archer Armor |
| 26:53 | Queue | Janissary |
| 26:53 | Queue | Janissary |
| 26:53 | Queue | Janissary |
| 26:59 | Queue | Monk |
| 27:00 | Queue | Monk |
| 27:07 | Queue | Villager (Male) |
| 27:08 | Queue | Villager (Male) |
| 27:35 | Queue | Janissary |
| 27:36 | Queue | Janissary |
| 27:41 | Queue | Bombard Cannon |
| 28:05 | Queue | Villager (Male) |
| 28:06 | Queue | Villager (Male) |
| 28:21 | Queue | Villager (Male) |
| 28:25 | Queue | Janissary |
| 28:26 | Queue | Janissary |
| 28:26 | Queue | Janissary |
| 28:26 | Queue | Janissary |
| 28:43 | Queue | Villager (Male) |
| 29:09 | Queue | Villager (Male) |
| 29:54 | Queue | Janissary |
| 29:54 | Queue | Janissary |
| 29:54 | Queue | Janissary |
| 30:32 | Queue | Bombard Cannon |
| 30:32 | Queue | Bombard Cannon |
| 30:47 | Queue | Janissary |
| 30:47 | Queue | Janissary |
| 30:47 | Queue | Janissary |
| 31:22 | Queue | Janissary |
| 31:22 | Queue | Janissary |
| 31:24 | Queue | Villager (Male) |
| 31:45 | Build | Mining Camp |
| 32:22 | Queue | Janissary |
| 32:22 | Queue | Janissary |
| 32:23 | Queue | Janissary |
| 32:25 | Queue | Villager (Male) |
| 32:25 | Queue | Villager (Male) |
Build order — Dung_adolf
First 150 of 330 actions detected
| 0:01 | Queue | Villager (Male) ×5 |
| 0:01 | Queue | Villager (Male) ×5 |
| 0:04 | Build | House |
| 0:06 | Build | House |
| 1:29 | Queue | Villager (Male) |
| 1:29 | Queue | Villager (Male) |
| 2:04 | Queue | Villager (Male) |
| 2:04 | Queue | Villager (Male) |
| 2:17 | Queue | Villager (Male) |
| 2:17 | Queue | Villager (Male) |
| 2:29 | Build | Lumber Camp |
| 2:51 | Queue | Villager (Male) |
| 2:51 | Queue | Villager (Male) |
| 2:51 | Queue | Villager (Male) |
| 3:28 | Queue | Villager (Male) |
| 3:29 | Queue | Villager (Male) |
| 3:29 | Queue | Villager (Male) |
| 3:39 | Build | House |
| 3:40 | Build | House |
| 4:24 | Queue | Villager (Male) |
| 4:24 | Queue | Villager (Male) |
| 4:25 | Queue | Villager (Male) |
| 4:30 | Build | Mill |
| 4:56 | Queue | Villager (Male) |
| 4:56 | Queue | Villager (Male) |
| 5:23 | Queue | Villager (Male) |
| 5:24 | Queue | Villager (Male) |
| 5:37 | Queue | Villager (Male) |
| 5:37 | Queue | Villager (Male) |
| 5:45 | Queue | Villager (Male) |
| 5:46 | Queue | Villager (Male) |
| 5:46 | Queue | Villager (Male) |
| 6:53 | Build | Mining Camp |
| 6:57 | Queue | Villager (Male) |
| 7:19 | Queue | Villager (Male) |
| 7:49 | Queue | Villager (Male) |
| 7:57 | Build | Mill |
| 8:12 | Research | Loom |
| 8:41 | Research | Feudal Age |
| 8:45 | Build | Farm |
| 8:49 | Build | Farm |
| 8:52 | Build | Farm |
| 8:55 | Build | Farm |
| 9:12 | Build | Farm |
| 10:26 | Queue | Villager (Male) |
| 10:26 | Queue | Villager (Male) |
| 10:32 | Build | House |
| 10:50 | Age | Feudal Age |
| 11:02 | Build | Market |
| 11:09 | Queue | Villager (Male) |
| 11:44 | Build | Blacksmith |
| 11:53 | Build | House |
| 12:22 | Research | Castle Age |
| 12:34 | Research | Double-Bit Axe |
| 13:23 | Research | Wheelbarrow |
| 13:28 | Build | Barracks |
| 13:34 | Research | Horse Collar |
| 14:14 | Queue | Villager (Male) |
| 14:15 | Queue | Villager (Male) |
| 14:21 | Build | Stable |
| 14:37 | Build | Farm |
| 14:48 | Age | Castle Age |
| 15:00 | Queue | Villager (Male) |
| 15:01 | Queue | Villager (Male) |
| 15:17 | Build | Siege Workshop |
| 15:30 | Research | Bloodlines |
| 15:34 | Research | Scale Barding Armor |
| 15:35 | Research | Scale Barding Armor |
| 15:35 | Research | Scale Barding Armor |
| 15:59 | Build | Stable |
| 16:18 | Queue | Spearman |
| 16:18 | Queue | Spearman |
| 16:29 | Queue | Villager (Male) |
| 16:30 | Queue | Villager (Male) |
| 16:47 | Queue | Mangonel |
| 16:47 | Queue | Mangonel |
| 16:50 | Queue | Knight |
| 16:50 | Queue | Knight |
| 16:57 | Build | Farm |
| 16:58 | Build | Farm |
| 17:04 | Queue | Villager (Male) |
| 17:04 | Queue | Villager (Male) |
| 17:13 | Build | House |
| 17:14 | Build | House |
| 17:27 | Build | Farm |
| 17:28 | Build | Farm |
| 17:31 | Build | Farm |
| 17:32 | Build | Farm |
| 17:49 | Build | House |
| 17:53 | Queue | Villager (Male) |
| 17:53 | Queue | Villager (Male) |
| 17:53 | Queue | Villager (Male) |
| 17:53 | Queue | Villager (Male) |
| 18:17 | Queue | Knight |
| 18:17 | Queue | Knight |
| 18:35 | Queue | Villager (Male) |
| 18:35 | Queue | Villager (Male) |
| 18:35 | Queue | Villager (Male) |
| 18:56 | Build | House |
| 18:56 | Build | House |
| 19:11 | Build | Farm |
| 19:14 | Build | Farm |
| 19:15 | Queue | Villager (Male) |
| 19:15 | Queue | Villager (Male) |
| 19:16 | Queue | Villager (Male) |
| 19:20 | Build | Farm |
| 19:43 | Queue | Villager (Male) |
| 19:43 | Queue | Villager (Male) |
| 19:43 | Queue | Villager (Male) |
| 19:52 | Queue | Battering Ram |
| 20:03 | Queue | Villager (Male) |
| 20:03 | Queue | Villager (Male) |
| 20:06 | Build | Farm |
| 20:08 | Build | Farm |
| 20:12 | Build | Farm |
| 20:18 | Queue | Villager (Male) |
| 20:18 | Queue | Villager (Male) |
| 20:53 | Queue | Villager (Male) |
| 20:53 | Queue | Villager (Male) |
| 20:53 | Queue | Villager (Male) |
| 21:00 | Queue | Knight |
| 21:01 | Queue | Knight |
| 21:14 | Queue | Villager (Male) |
| 21:14 | Queue | Villager (Male) |
| 21:14 | Queue | Villager (Male) |
| 21:20 | Build | Town Center |
| 21:40 | Queue | Villager (Male) |
| 21:41 | Queue | Villager (Male) |
| 21:41 | Queue | Villager (Male) |
| 21:41 | Queue | Villager (Male) |
| 21:41 | Queue | Villager (Male) |
| 21:42 | Queue | Villager (Male) |
| 21:49 | Research | Husbandry |
| 21:56 | Queue | Villager (Male) |
| 21:56 | Queue | Villager (Male) |
| 22:07 | Research | Bow Saw |
| 22:07 | Research | Bow Saw |
| 22:11 | Queue | Villager (Male) |
| 22:12 | Queue | Villager (Male) |
| 22:17 | Queue | Villager (Male) |
| 22:17 | Queue | Villager (Male) |
| 22:18 | Queue | Villager (Male) |
| 22:18 | Queue | Villager (Male) |
| 22:32 | Build | Monastery |
| 22:44 | Queue | Villager (Male) |
| 22:44 | Queue | Villager (Male) |
| 22:44 | Queue | Villager (Male) |
| 22:45 | Queue | Villager (Male) |
| 22:47 | Build | Farm |
| 23:04 | Build | House |
Match timeline
| 10:50 | Dung_adolf · age_up feudal |
| 13:28 | Dung_adolf · first_building Barracks |
| 13:34 | RH450 · age_up feudal |
| 14:21 | Dung_adolf · first_building Stable |
| 14:48 | Dung_adolf · age_up castle |
| 15:17 | Dung_adolf · first_building Siege Workshop |
| 17:40 | RH450 · age_up castle |
| 17:47 | RH450 · first_building Castle |
| 19:35 | RH450 · first_market_sell 100 wood |
| 22:32 | Dung_adolf · first_building Monastery |
| 22:55 | RH450 · first_market_buy 100 food |
| 23:21 | RH450 · first_building Siege Workshop |
| 26:03 | RH450 · first_building Monastery |
| 26:07 | RH450 · age_up imperial |
| 26:33 | Dung_adolf · first_building Archery Range |
| 30:57 | Dung_adolf · first_building Castle |
| 31:45 | Dung_adolf · age_up imperial |
| 38:19 | Dung_adolf · resign |
[ AI ANALYSIS · 1 CREDIT ]
What really happened in this match?
Wolo.gg analyzes every decision: build order, eco, micro, common mistakes by bracket. Personalized analysis on WhatsApp or Discord in 30 seconds.
Civ guide
Turks
Perfil
Jugador #10596640